 Dungeon Crawl Stone Soup version 0.31-a0-182-gc5ef74bbde (webtiles) character file.

Game seed: 8025446089265093384

21009 ytrimaz the Eclecticist (level 12, -3/81 HPs)
             Began as a Mummy Necromancer on June 21, 2023.
             Was an Elder of Kikubaaqudgha.
             Shot with an arrow by Nessos (21 damage)
             ... on level 13 of the Dungeon.
             The game lasted 00:32:24 (17538 turns).

ytrimaz the Eclecticist (Mummy Necromancer)        Turns: 17538, Time: 00:32:24

Health: -3/81      AC: 12    Str: 14    XL:     12   Next: 50%
Magic:  38/40      EV: 11    Int: 18    God:    Kikubaaqudgha [****..]
Gold:   131        SH:  0    Dex: 14    Spells: 13/41 levels left

rFire   . . .        e - +10 whip of Evil {heavy, Will+ Str-3 Stlth+}
rCold   + . .        (no shield)
rNeg    + + +        s - +0 acid dragon scales
rPois   ∞            (no helmet)
rElec   .            (no cloak)
rCorr   +            o - +0 pair of gloves
SInv    .            w - +0 pair of boots
Will    ++...        m - amulet of regeneration
Stlth   ++           r - ring of magical power
HPRegen 1.13/turn    h - ring of Utaukk {rF+ AC+4 Str+6}
MPRegen 0.27/turn

%: faith
@: no status effects
A: cold resistance 1, negative energy resistance 3, torment resistance 2, heat
vulnerability 1, in touch with death 1, no potions, faith
a: Renounce Religion, Unearth Wretches


You were on level 13 of the Dungeon.
You worshipped Kikubaaqudgha.
Kikubaaqudgha was greatly pleased with you.
You visited 2 branches of the dungeon, and saw 14 of its levels.

You collected 722 gold pieces.
You spent 591 gold pieces at shops.


Innate Abilities, Weirdness & Mutations

You are immune to poison.
Your flesh is cold resistant. (rC+)
You are immune to negative energy. (rN+++)
You are immune to unholy pain and torment.
You are vulnerable to heat. (rF-)
You are in touch with the powers of death.
You do not drink.
You have a special connection with the divine. (Faith)


   Skills:
 + Level 3.0 Fighting
 - Level 0.4 Maces & Flails
 - Level 1.5 Dodging
 - Level 1.5 Stealth
 - Level 15.0 Spellcasting
 + Level 13.4 Necromancy
 - Level 9.0 Earth Magic


You had 13 spell levels left.
You knew the following spells:

 Your Spells              Type           Power      Damage    Failure   Level
a - Necrotise             Necr           100%       1d9       1%          1
b - Vampiric Draining     Necr           75%        2d11      1%          3
c - Animate Dead          Necr           75%        N/A       1%          4
d - Borgnjor's Vile Clut  Necr/Erth      34%        N/A       1%          5
e - Dispel Undead         Necr           75%        3d25      1%          4
f - Death Channel         Necr           37%        N/A       4%          6
g - Agony                 Necr           75%        N/A       1%          5

Your spell library contained the following spells:

 Spells                   Type           Power      Damage    Failure   Level
 Kiss of Death            Conj/Necr      100%       2d13      1%          1
 Cigotuvi's Dreadful Rot  Necr/Pois/Air  88%        N/A       1%          2
 Anguish                  Hex/Necr       27%        N/A       4%          4
 Foxfire                  Conj/Fire      52%        2x1d6     7%          1
 Slow                     Hex            52%        N/A       7%          1
 Summon Small Mammal      Summ           52%        N/A       7%          1
 Scorch                   Fire           26%        2d6       11%         2
 Static Discharge         Conj/Air       26%        2-4/arc   11%         2
 Call Canine Familiar     Summ           13%        N/A       21%         3
 Confusing Touch          Hex            13%        N/A       21%         3
 Dazzling Flash           Conj/Hex       26%        N/A       21%         3
 Frozen Ramparts          Ice            26%        1d4       21%         3
 Hailstorm                Conj/Ice       13%        3d5       21%         3
 Summon Guardian Golem    Hex/Summ       13%        N/A       21%         3
 Volatile Blastmotes      Fire/Tloc      26%        2d12      21%         3
 Airstrike                Air            6%         2d(1-17)  56%         4
 Flame Wave               Conj/Fire      13%        2d6       56%         4
 Iskenderun's Mystic Bla  Conj/Tloc      13%        2d5       56%         4
 Summon Ice Beast         Ice/Summ       13%        N/A       56%         4
 Summon Lightning Spire   Summ/Air       13%        N/A       56%         4
 Simulacrum               Ice/Necr       27%        N/A       56%         6
 Fireball                 Conj/Fire      6%         3d5       88%         5
 Infestation              Necr           37%        N/A       88%         8
 Haunt                    Necr/Summ      27%        N/A       98%         7
 Plasma Beam              Fire/Air       6%         2x1d17    100%        6
 Starburst                Conj/Fire      6%         6d4       100%        6
 Summon Cactus Giant      Summ           6%         N/A       100%        6
 Malign Gateway           Summ/Tloc      6%         N/A       100%        7
 Summon Horrible Things   Summ           6%         N/A       100%        8
 Ice Form                 Ice/Tmut       Unusable   N/A       N/A         4

Inventory:

Hand Weapons
 d - a +3 whip of venom
   (You found it on level 1 of the Dungeon)
 e - the +10 whip of Evil (weapon) {heavy, Will+ Str-3 Stlth+}
   (You found it on level 2 of the Dungeon)

   Str:       It affects your strength (-3).
   Will:      It increases your willpower.
   Stlth:     It makes you more stealthy.
Missiles
 n - 5 throwing nets
Armour
 o - a +0 pair of gloves (worn)
   (You bought it in a shop on level 4 of the Dungeon)
 p - +0 steam dragon scales
   (You found it on level 6 of the Dungeon)
 s - +0 acid dragon scales (worn)
   (You found it on level 7 of the Dungeon)
 w - a +0 pair of boots (worn)
   (You found it on level 8 of the Dungeon)
Jewellery
 h - the ring of Utaukk (right hand) {rF+ AC+4 Str+6}
   (You acquired it on level 6 of the Dungeon)

   [ring of protection]

   AC:        It affects your AC (+4).
   Str:       It affects your strength (+6).
   rF:        It protects you from fire.
 l - a +6 ring of strength
   (You found it on level 3 of the Dungeon)
 m - an amulet of regeneration (around neck)
   (You bought it in a shop on level 11 of the Dungeon)
 r - a ring of magical power (left hand)
   (You found it on level 7 of the Dungeon)
 t - a ring of wizardry
   (You took it off a kobold brigand on level 7 of the Dungeon)
 v - a ring of ice
   (You found it on level 8 of the Dungeon)
 A - the ring "Kuneudilaz" {rElec Dex+6}
   (You found it on level 11 of the Dungeon)

   [ring of dexterity]

   Dex:       It affects your dexterity (+6).
   rElec:     It insulates you from electricity.
 D - a ring of fire
   (You found it on level 12 of the Dungeon)
Wands
 i - a wand of quicksilver (7)
   (You found it on level 3 of the Dungeon)
 q - a wand of flame (47)
   (You found it on level 7 of the Dungeon)
 x - a wand of mindburst (28)
   (You found it on level 8 of the Dungeon)
 B - a wand of charming (3)
   (You found it on level 12 of the Dungeon)
Scrolls
 a - a scroll of brand weapon
 b - 2 scrolls of vulnerability
 c - 4 scrolls of enchant armour
 f - 8 scrolls of identify
 g - a scroll of enchant weapon
 j - 5 scrolls of teleportation
 k - 4 scrolls of immolation
 u - 2 scrolls of revelation
 C - a scroll of fear
Miscellaneous
 z - a sack of spiders
   (You found it on level 9 of the Dungeon)

Dungeon Overview and Level Annotations

Branches:
Dungeon (13/15) Zot: 26351  Temple (1/1) D:6 Zot: 5624    Lair (0/5) D:9
    Orc (0/2) D:12
 Vaults: D:13-14

Altars:
Ashenzari
Cheibriados
Dithmenos
Fedhas
Gozag
Hepliaklqana
Kikubaaqudgha
Makhleb
Nemelex Xobeh
Okawaru
Qazlal
Ru
Sif Muna
Trog
Uskayaw
Vehumet
Wu Jian
Xom
Yredelemnul

Shops:
D:4 *   D:6 *   D:10 *   D:11 =   D:12 ?

Annotations:
D:8 3 runed translucent doors, bakla's ghost, novice DsCA
D:9 exclusions: door and fire dragon
D:13 Nessos

##..## #§§## ###§§#
#.##§§§§## #...§§§§§##
##..##§§§§## #..#
##§§§§# #.# ##§§§## ##
#.#§@§## #§§§#§§§##
#§§§.§#§§§##
#§§.§§.#§§§##
#§§.§§§..#§§§##
#§.§§§§...§§§§##
#.§§§§§....§c§§##
§§§§§§....#§§§.#####.##
..........#...........


You could see Nessos (fast).


Message History

You kill the troll!
Kikubaaqudgha accepts your kill. 😎 MP[+1]
You can't see any susceptible monsters within range! (Use Z to cast anyway.) Unknown command. 😎 MP[+1]
You can't see any susceptible monsters within range! (Use Z to cast anyway.) 😎 MP[+1]
You hit the wraith. The wraith closely misses you. 😎 MP[+1]
Your mp is fully restored (40).
Casting: Borgnjor's Vile Clutch (dangerous; 1% risk of failure)
Confirm with . or Enter, or press ? or * to list all spells.
Okay, then.
Casting: Borgnjor's Vile Clutch (dangerous; 1% risk of failure)
Confirm with . or Enter, or press ? or * to list all spells.
You don't know that spell.
Casting: Borgnjor's Vile Clutch (dangerous; 1% risk of failure)
Confirm with . or Enter, or press ? or * to list all spells.
Okay, then.
Casting: Borgnjor's Vile Clutch (dangerous; 1% risk of failure)
Confirm with . or Enter, or press ? or * to list all spells.
Aiming: Dispel Undead (safe; 1% risk of failure)
Press: ? - help, Shift-Dir - straight line, f - wraith
Aim: a wraith (lightly damaged, 100% to hit)
You feel a surge of power!
The wraith is dispelled!!
You destroy the wraith!
Kikubaaqudgha accepts your kill.
Your Fighting skill increases to level 3! 😎 HP[+1] MP[-4]
You now have 81 max hp (+1).
Your hp is fully restored (81).
You lost 4 mp, and now have 36/40 mp.
Okay, then.
Found a stone staircase leading down. 😎 MP[+4]
Your mp is fully restored (40).
Found a stone staircase leading up.
You now have 131 gold pieces (gained 10).
There is a stone staircase leading down here.
Found a stone staircase leading down.
Nessos the Markscentaur comes into view.
Nessos shouts!
You feel a surge of power!
Zombie hands grab Nessos.
The zombie hands constrict Nessos!
Nessos struggles to escape constriction. 😎 MP[-5]
You lost 5 mp, and now have 35/40 mp.
Unknown command.
You can't see any susceptible monsters within range! (Use Z to cast anyway.) Unknown command.
The zombie hands lose their grip on something.
Nessos wields a +1 longbow of flaming.
It bursts into flame!
Nessos shoots an arrow.
The arrow hits you!! The arrow burns you. 😮 HP[-31]
You take 31 damage, and now have 50/81 hp.
MASSIVE DAMAGE!! (PAUSE) 😮 HP[+1]
You are too injured to fight recklessly!
Nessos shoots an arrow.
The arrow hits you! The arrow burns you.
Nessos intently looks at you, slowly moving their tail.
Nessos shoots an arrow.
The arrow closely misses you. 😮 HP[-8] MP[+1]
You take 8 damage, and now have 43/81 hp.
Nessos shoots an arrow.
The arrow barely misses you. 😮 HP[+1] Nessos shoots an arrow.
The arrow hits you!
* * * LOW HITPOINT WARNING * * *
The arrow burns you.
* * * LOW HITPOINT WARNING * * *
😨 HP[-16]
You take 16 damage, and now have 28/81 hp.
Nessos shoots an arrow.
The arrow barely misses you. 😨 HP[+1] MP[+1] 😨 HP[+1] Nessos gestures wildly while chanting.
Nessos seems to speed up.
There is a stone staircase leading down here. 😨 HP[+1] Nessos casts a spell.
Nessos blinks! 😨 HP[+1] Nessos mumbles some strange words.
Nessos blinks!
Nessos shoots an arrow.
The arrow hits you but does no damage.
Nessos shoots an arrow.
The arrow hits you!
* * * LOW HITPOINT WARNING * * *
The arrow burns you.
* * * LOW HITPOINT WARNING * * *
😨 HP[-9] MP[+1]
You take 9 damage, and now have 23/81 hp. 😨 HP[+1]
The air fills with toxic fumes!
As you read the scroll of poison, it crumbles to dust.
Nessos shoots an arrow.
The arrow hits you.
* * * LOW HITPOINT WARNING * * *
The arrow burns you.
* * * LOW HITPOINT WARNING * * *
Nessos shoots an arrow.
The arrow hits you!!
You die...
Kikubaaqudgha rasps: "You have failed me!
Welcome... oblivion!"

Skill      XL: |  1  2  3  4  5  6  7  8  9 10 11 12 |
---------------+-------------------------------------+-----
Spellcasting   | 3 4 5 7 8 9 11 12 14 15 | 15.0
Necromancy     | 5 6 7 9 11 12 13 | 13.4
Earth Magic    | 1 2 4 5 7 9 |  9.0
Fighting       | 3 |  3.0
Maces & Flails | |  0.4
Dodging        | |  1.5
Stealth        | |  1.5

Action                     |  1- 3 |  4- 6 |  7- 9 | 10-12 || total
---------------------------+-------+-------+-------+-------++-------
  Melee: Whip              |     7 |    50 |    89 |    73 ||   219
         Unarmed           |     5 |       |       |       ||     5
         Punch             |     1 |       |       |     2 ||     3
   Cast: Necrotise         |    48 |    81 |    76 |     1 ||   206
         Vampiric Draining |       |     7 |    13 |    23 ||    43
         Borgnjor's Vile C |       |       |    42 |   157 ||   199
         Dispel Undead     |       |       |       |     7 ||     7
         Death Channel     |       |       |       |     1 ||     1
 Invoke: Unearth Wretches  |       |       |       |     1 ||     1
  Evoke: Wand              |       |       |     3 |     1 ||     4
    Use: Scroll            |     2 |     1 |     8 |     4 ||    15
   Stab: Sleeping          |       |     4 |     2 |       ||     6
 Armour: Robe              |     4 |    22 |    14 |       ||    40
         Steam dragon scal |       |       |    33 |       ||    33
         Acid dragon scale |       |       |       |   138 ||   138
  Dodge: Dodged            |    23 |    50 |   111 |   185 ||   369

Levels and vault maps discovered:
D:1:      tarquinn_simple_flora_water_c, layout_rooms
D:2:      minmay_spotlight, layout_loops_cross, basic_altar,
          guppyfry_early_orc_mine, uniq_natasha
D:3:      layout_loops_cross, bloody_makhleb, mainiacjoe_overflow_alcove_2,
          uniq_grinder
D:4:      layout_gridville, fedhas_ov_isle_minmay, trog_hazing_becter,
          serial_shops, nicolae_shop_peninsula, uniq_menkaure
D:5:      minmay_general_purpose_star, layout_gridville, minmay_checkerbox
D:6:      layout_basic, minmay_temple_entry_hall, serial_shops, shop
D:7:      minmay_chambers_of_sevens, layout_cave_pools,
          grunt_temple_overflow_holy_war, serial_bayou, serial_bayou_shore_a,
          serial_bayou_lake_a, serial_bayou_shore_b, serial_bayou_crossing
D:8:      layout_basic, gammafunk_ghost_hydra_chop
D:9:      layout_rooms, grunt_lair_entry_orc_guard_hut, kennysheep_just_a_vault
D:10:     layout_cave_pools, serial_shops, nicolae_shop_crystal
D:11:     layout_irregular_city, serial_shops, kennysheep_little_box,
          minmay_diamond_spiral
D:12:     layout_long_grid, orc_0_dummy, serial_shops, shop_statue,
          kennysheep_generic_room_10, uniq_sonja
D:13:     layout_cave_pods, david_vaults_5, cheibriados_altar_1, uniq_maurice,
          uniq_nessos
Temple:   minmay_temple_bridge_d

Notes
Turn   | Place    | Note
-------+----------+-------------------------------------------
     0 | D:1      | ytrimaz the Mummy Necromancer began the quest for the Orb.
     0 | D:1      | Reached XP level 1. HP: 13/13 MP: 4/4
     0 | D:1      | magus.rc [v1.9.6]
   128 | D:1      | Reached skill level 3 in Spellcasting
   237 | D:1      | Reached XP level 2. HP: 19/19 MP: 3/6
   773 | D:1      | You pick up a book of the Tundra and begin reading...
   773 | D:1      | You add the spells Hailstorm and Simulacrum to your
                  | library.
  1015 | D:2      | You pick up a book of Debilitation and begin reading...
  1015 | D:2      | You add the spells Slow and Confusing Touch to your
                  | library.
  1027 | D:2      | Noticed Natasha
  1036 | D:2      | HP: 3/19 [cerulean imp/+2 spear[Natasha] (5)]
  1039 | D:2      | Killed Natasha
  1040 | D:2      | Reached skill level 4 in Spellcasting
  1040 | D:2      | Gained mutation: You are in touch with the powers of death.
                  | [Mummy growth]
  1040 | D:2      | Reached XP level 3. HP: 4/24 MP: 3/8
  1237 | D:2      | You pick up a book of Spectacle and begin reading...
  1237 | D:2      | You add the spells Volatile Blastmotes, Dazzling Flash,
                  | Iskenderun's Mystic Blast and Starburst to your library.
  1246 | D:2      | Noticed Natasha
  1259 | D:2      | Killed Natasha
  1260 | D:2      | Reached XP level 4. HP: 14/30 MP: 6/10
  1349 | D:2      | Learned a level 3 spell: Vampiric Draining
  1354 | D:2      | Learned a level 4 spell: Animate Dead
  1437 | D:2      | Found a stormy altar of Qazlal.
  1573 | D:2      | Noticed Natasha
  1714 | D:2      | Reached skill level 5 in Spellcasting
  1781 | D:2      | Identified the +10 whip of Evil {heavy, Will+ Str-3 Stlth+}
  1929 | D:2      | Killed Natasha
  1933 | D:2      | Reached XP level 5. HP: 31/35 MP: 5/12
  2430 | D:3      | Reached skill level 5 in Necromancy
  2504 | D:3      | Found a burning altar of Makhleb.
  2616 | D:3      | Noticed Grinder
  2628 | D:3      | Killed Grinder
  2629 | D:3      | Reached skill level 7 in Spellcasting
  2629 | D:3      | Reached XP level 6. HP: 32/41 MP: 14/16
  3541 | D:4      | Found Ciduxeri's General Store.
  3549 | D:4      | Bought a scroll of identify for 28 gold pieces
  3549 | D:4      | Bought a scroll of teleportation for 42 gold pieces
  3549 | D:4      | Bought a +0 pair of gloves for 63 gold pieces
  3549 | D:4      | Bought a scroll of vulnerability for 56 gold pieces
  3595 | D:4      | You pick up a book of Unlife and begin reading...
  3595 | D:4      | You add the spells Borgnjor's Vile Clutch and Death Channel
                  | to your library.
  3633 | D:4      | Found a blossoming altar of Fedhas.
  3642 | D:4      | Learned a level 5 spell: Borgnjor's Vile Clutch
  3699 | D:4      | Noticed Menkaure
  4095 | D:4      | HP: 1/41 [Menkaure (21)]
  4096 | D:4      | Killed Menkaure
  4097 | D:4      | Reached skill level 6 in Necromancy
  4097 | D:4      | Reached skill level 1 in Earth Magic
  4097 | D:4      | Reached XP level 7. HP: 2/46 MP: 18/18
  4286 | D:4      | Found a bloodstained altar of Trog.
  4552 | D:5      | Entered Level 5 of the Dungeon
  4708 | D:5      | Reached skill level 8 in Spellcasting
  4708 | D:5      | Reached skill level 2 in Earth Magic
  5241 | D:5      | Reached XP level 8. HP: 52/52 MP: 14/20
  5525 | D:5      | Reached skill level 7 in Necromancy
  5525 | D:5      | Reached skill level 3 in Earth Magic
  5617 | D:5      | Identified a scroll of acquirement
  5628 | D:5      | Acquired a book of Death
  5631 | D:5      | You pick up a book of Death and begin reading...
  5631 | D:5      | You add the spells Haunt and Infestation to your library.
  5979 | D:6      | Found a staircase to the Ecumenical Temple.
  5990 | D:6      | You pick up a book of Fire and begin reading...
  5990 | D:6      | You add the spells Foxfire, Fireball and Plasma Beam to
                  | your library.
  5995 | Temple   | Entered the Ecumenical Temple
  6298 | Temple   | Became a worshipper of Kikubaaqudgha
  6402 | D:6      | Reached skill level 9 in Spellcasting
  6932 | D:6      | Acquired the ring of Utaukk {rF+ AC+4 Str+6}
  6975 | D:6      | Reached skill level 4 in Earth Magic
  7183 | D:6      | You pick up a book of Scorching and begin reading...
  7183 | D:6      | You add the spells Scorch, Flame Wave and Summon Cactus
                  | Giant to your library.
  7189 | D:6      | Found Lepoezitt's Assorted Antiques.
  7192 | D:6      | Bought a scroll labelled EDWEOM ACKA for 24 gold pieces
  7192 | D:6      | Bought a scroll of identify for 48 gold pieces
  7356 | D:6      | Reached * piety under Kikubaaqudgha
  7356 | D:6      | You add the spells Kiss of Death and Cigotuvi's Dreadful
                  | Rot to your library.
  7356 | D:6      | Received a gift from Kikubaaqudgha
  7387 | D:6      | Reached XP level 9. HP: 57/57 MP: 11/22
  7789 | D:7      | Reached skill level 8 in Necromancy
  7989 | D:7      | Reached skill level 10 in Spellcasting
  8058 | D:7      | You pick up a book of Storms and begin reading...
  8058 | D:7      | You add the spells Static Discharge, Airstrike and Summon
                  | Lightning Spire to your library.
  8437 | D:7      | Found a basalt altar of Yredelemnul.
  8553 | D:7      | Reached skill level 9 in Necromancy
  8553 | D:7      | Reached skill level 5 in Earth Magic
  9177 | D:7      | Reached ** piety under Kikubaaqudgha
  9209 | D:7      | Noticed a deep elf pyromancer
  9211 | D:7      | Noticed a troll
  9241 | D:7      | HP: 8/57 [acid dragon/splash of acid (33)]
  9479 | D:7      | Killed a troll
  9480 | D:7      | Reached skill level 11 in Spellcasting
  9480 | D:7      | Reached XP level 10. HP: 43/63 MP: 5/25
  9633 | D:7      | Killed a deep elf pyromancer
  9634 | D:7      | Reached skill level 10 in Necromancy
  9980 | D:7      | HP: 15/63 [electric eel/bolt of electricity (13)]
 10181 | D:7      | Noticed an angel
 10189 | D:7      | Noticed a profane servitor
 10244 | D:8      | Reached skill level 6 in Earth Magic
 10774 | D:8      | Found a runed translucent gate.
 10774 | D:8      | Noticed a nine-headed hydra
 10775 | D:8      | Found a runed translucent gate.
 10775 | D:8      | Noticed bakla's ghost (novice DsCA)
 10776 | D:8      | Found a runed translucent gate.
 10776 | D:8      | Noticed a ten-headed hydra
 11134 | D:8      | Reached *** piety under Kikubaaqudgha
 11134 | D:8      | You add the spells Anguish and Dispel Undead to your
                  | library.
 11134 | D:8      | Received a gift from Kikubaaqudgha
 11554 | D:8      | Learned a level 4 spell: Dispel Undead
 11739 | D:9      | Reached skill level 7 in Earth Magic
 11787 | D:9      | Reached skill level 12 in Spellcasting
 12146 | D:9      | Reached skill level 11 in Necromancy
 12244 | D:9      | Found a staircase to the Lair.
 12371 | D:9      | Noticed a fire dragon
 12458 | D:9      | Identified the +4 chain mail of Floral Amelioration {-Cast
                  | rC+++ rN+ Regen+}
 12462 | D:9      | Reached XP level 11. HP: 56/68 MP: 17/27
 12789 | D:10     | Entered Level 10 of the Dungeon
 12789 | D:10     | Noticed a two-headed ogre
 12811 | D:10     | Noticed a two-headed ogre
 12826 | D:10     | Killed a two-headed ogre
 12836 | D:9      | Reached **** piety under Kikubaaqudgha
 12847 | D:9      | Reached skill level 8 in Earth Magic
 12984 | D:9      | HP: 12/68 [troll (9)]
 13209 | D:10     | Killed a two-headed ogre
 13475 | D:9      | Learned a level 6 spell: Death Channel
 13543 | D:10     | Identified the +2 glaive "Beism" {flame, rF+ Dex+6}
 13675 | D:10     | You pick up a book of Callings and begin reading...
 13675 | D:10     | You add the spells Summon Small Mammal, Call Canine
                  | Familiar and Summon Guardian Golem to your library.
 13714 | D:10     | Found Fism's Assorted Antiques.
 14166 | D:11     | Found Acrarchu's Jewellery Shoppe.
 14172 | D:11     | Bought an amulet of regeneration for 330 gold pieces
 14214 | D:11     | Noticed a wolf spider
 14219 | D:11     | Noticed a tengu warrior
 14247 | D:11     | Killed a tengu warrior
 14326 | D:11     | Noticed an ogre mage
 14362 | D:11     | Killed an ogre mage
 14374 | D:11     | Identified the ring "Kuneudilaz" {rElec Dex+6}
 14402 | D:11     | Reached skill level 13 in Spellcasting
 14402 | D:11     | Reached skill level 9 in Earth Magic
 14533 | D:11     | Identified the +9 broad axe of the Blushing Seeker {heavy,
                  | Str+3 Dex+2 Stlth+}
 14599 | D:11     | You pick up a book of Rime and begin reading...
 14599 | D:11     | You add the spells Frozen Ramparts and Summon Ice Beast to
                  | your library.
 14669 | D:11     | Noticed a boulder beetle
 14690 | D:11     | Killed a boulder beetle
 14877 | D:11     | Killed a wolf spider
 14878 | D:11     | Reached skill level 12 in Necromancy
 15187 | D:11     | Noticed a boulder beetle
 15188 | D:11     | Noticed a boulder beetle
 15436 | D:11     | Killed a boulder beetle
 15803 | D:12     | Found Cugos's Magic Scroll Emporium.
 16001 | D:12     | Reached skill level 14 in Spellcasting
 16001 | D:12     | Reached XP level 12. HP: 67/74 MP: 22/30
 16019 | D:12     | Noticed a two-headed ogre
 16037 | D:12     | Killed a two-headed ogre
 16200 | D:12     | HP: 10/74 [cyclops/large rock (24)]
 16540 | D:12     | Noticed Sonja
 16548 | D:12     | Killed Sonja
 16593 | D:12     | Found a staircase to the Orcish Mines.
 16596 | D:12     | Reached skill level 13 in Necromancy
 16602 | D:12     | Learned a level 5 spell: Agony
 16690 | D:12     | You add the spells Malign Gateway and Summon Horrible
                  | Things to your library.
 16899 | D:13     | Found a snail-covered altar of Cheibriados.
 16992 | D:13     | Noticed a centaur warrior
 17027 | D:13     | Killed a centaur warrior
 17028 | D:13     | Reached skill level 1 in Fighting
 17268 | D:13     | Noticed a tengu warrior
 17280 | D:13     | Killed a tengu warrior
 17281 | D:13     | Reached skill level 2 in Fighting
 17281 | D:13     | Reached skill level 15 in Spellcasting
 17478 | D:13     | Reached skill level 3 in Fighting
 17525 | D:13     | Noticed Nessos
 17538 | D:13     | HP: 18/81 [Nessos/arrow (3)]
 17538 | D:13     | Shot with an arrow by Nessos

Vanquished Creatures
  An ogre mage (D:11)
  3 two-headed ogres
  A centaur warrior (D:13)
  2 tengu warriors
  2 boulder beetles (D:11)
  Sonja (D:12)
  A wolf spider (D:11)
  2 manticores (D:12)
  A deep elf pyromancer (D:7)
  2 cyclopes
  2 gargoyles
  A komodo dragon (D:12)
  A kobold demonologist (D:8)
  A tengu conjurer (D:13)
  5 trolls
  A hornet (D:8)
  Grinder (D:3)
  A vampire (D:7)
  A shadow (D:9)
  2 wyverns
  3 wraiths
  A basilisk (D:11)
  12 yaks
  2 steam dragons
  6 vampire mosquitoes
  Menkaure (D:4)
  6 water moccasins
  2 acid dragons
  2 orc warriors
  An ice beast (D:7)
  3 sky beasts
  2 ogres
  2 black bears
  3 centaurs
  2 kobold brigands
  5 bullfrogs
  3 gnoll sergeants
  8 scorpions
  12 wights
  20 killer bees
  6 electric eels (D:7)
  5 howler monkeys
  3 hounds
  5 orc priests
  A jelly (D:6)
  A gnoll bouda (D:9)
  5 iguanas
  A sleepcap (D:7)
  Natasha (thrice) (D:2)
  10 orc wizards
  18 gnolls
  9 adders
  A shadow imp (D:5)
  2 white imps (D:6)
  An ufetubus (D:4)
  4 worms
  4 dart slugs
  34 orcs
  6 ball pythons
  5 endoplasms
  2 giant cockroaches
  10 goblins
  11 hobgoblins
  7 jackals
  2 quokkas
  4 bats
  A frilled lizard (D:1)
  18 kobolds
  8 rats
315 creatures vanquished.

Vanquished Creatures (collateral kills)
  2 goblins
  A hobgoblin (D:3)
  A kobold (D:2)
4 creatures vanquished.

Vanquished Creatures (others)
  An ogre mage (D:11)
  A wyvern (D:11)
  2 hounds (D:11)
4 creatures vanquished.

Grand Total: 323 creatures vanquished

Table legend:
 A = Non-vault XP
 B = Vault XP
 C = Vault XP percentage of total XP
 D = Non-vault monster count
 E = Vault monster count
 F = Vault count percentage of total count
                 A         B        C        D         E       F
            +---------+---------+-------+---------+---------+-------
      Total |   23188 |    6826 |  22.7 |     264 |      55 |  17.2
            +---------+---------+-------+---------+---------+-------
        D:1 |      36 |       0 |   0.0 |      23 |       0 |   0.0
        D:2 |     118 |      74 |  38.5 |      12 |      14 |  53.8
        D:3 |      72 |     277 |  79.4 |      19 |       1 |   5.0
        D:4 |     149 |     182 |  55.0 |      20 |       7 |  25.9
        D:5 |     451 |     378 |  45.6 |      12 |       8 |  40.0
        D:6 |    1158 |       0 |   0.0 |      26 |       0 |   0.0
        D:7 |    1588 |    2069 |  56.6 |      31 |      14 |  31.1
        D:8 |    2486 |     133 |   5.1 |      30 |       1 |   3.2
        D:9 |    2614 |     402 |  13.3 |      31 |       4 |  11.4
       D:10 |    2823 |       0 |   0.0 |      17 |       0 |   0.0
       D:11 |    2714 |    2445 |  47.4 |      13 |       4 |  23.5
       D:12 |    5061 |     866 |  14.6 |      16 |       2 |  11.1
       D:13 |    3918 |       0 |   0.0 |      14 |       0 |   0.0
            +---------+---------+-------+---------+---------+-------

Skill      XL: |  1  2  3  4  5  6  7  8  9 10 11 12 |
---------------+-------------------------------------+-----
Spellcasting   | 3 4 5 7 8 9 11 12 14 15 | 15.0
Necromancy     | 5 6 7 9 11 12 13 | 13.4
Earth Magic    | 1 2 4 5 7 9 |  9.0
Fighting       | 3 |  3.0
Maces & Flails | |  0.4
Dodging        | |  1.5
Stealth        | |  1.5

Action                     |  1- 3 |  4- 6 |  7- 9 | 10-12 || total
---------------------------+-------+-------+-------+-------++-------
  Melee: Whip              |     7 |    50 |    89 |    73 ||   219
         Unarmed           |     5 |       |       |       ||     5
         Punch             |     1 |       |       |     2 ||     3
   Cast: Necrotise         |    48 |    81 |    76 |     1 ||   206
         Vampiric Draining |       |     7 |    13 |    23 ||    43
         Borgnjor's Vile C |       |       |    42 |   157 ||   199
         Dispel Undead     |       |       |       |     7 ||     7
         Death Channel     |       |       |       |     1 ||     1
 Invoke: Unearth Wretches  |       |       |       |     1 ||     1
  Evoke: Wand              |       |       |     3 |     1 ||     4
    Use: Scroll            |     2 |     1 |     8 |     4 ||    15
   Stab: Sleeping          |       |     4 |     2 |       ||     6
 Armour: Robe              |     4 |    22 |    14 |       ||    40
         Steam dragon scal |       |       |    33 |       ||    33
         Acid dragon scale |       |       |       |   138 ||   138
  Dodge: Dodged            |    23 |    50 |   111 |   185 ||   369

Illustrated notes

Table legend:
 A = Kills in this place as a percentage of kills in the entire game.
 B = Kills by you in this place as a percentage of kills by you in the entire game.
 C = Kills by friends in this place as a percentage of kills by friends in the entire game.
 D = Other kills in this place as a percentage of other kills in the entire game.
 E = Experience gained in this place as a percentage of experience gained in the entire game.
 F = Experience gained in this place divided by the number of levels of this place that you have seen.
                   A       B       C       D       E      F
               +-------+-------+-------+-------+-------+----------------------
         Total | 100.0 | 100.0 | 100.0 |   N/A | 100.0 | 2143.9
       Dungeon | 100.0 | 100.0 | 100.0 |   N/A | 100.0 | 2308.8
               +-------+-------+-------+-------+-------+----------------------

Table legend: (Time is in decaauts)
 A = Elapsed time spent in this place.
 B = Non-inter-level travel time spent in this place.
 C = Inter-level travel time spent in this place.
 D = Time resting spent in this place.
 E = Time spent auto-exploring this place.
 F = Levels seen in this place.
 G = Mean time per level.
                   A        B        C        D        E       F      G
               +--------+--------+--------+--------+--------+-----+--------+
         Total |  17720 |  16889 |    831 |   1406 |  12960 |  14 | 1265.7 |
       Dungeon |  17344 |  16658 |    686 |   1406 |  12741 |  13 | 1334.2 |
        Temple |    375 |    230 |    145 |      0 |    219 |   1 |  375.0 |
               +--------+--------+--------+--------+--------+-----+--------+

Top non-repeatable levels by time:
     D:7: 2294 daAuts
     D:6: 2016 daAuts
     D:8: 1799 daAuts
    D:11: 1599 daAuts
     D:2: 1567 daAuts
     D:4: 1441 daAuts
     D:9: 1417 daAuts
    D:12: 1139 daAuts
     D:5: 1094 daAuts
     D:1: 858 daAuts
    D:10: 753 daAuts
     D:3: 714 daAuts
    D:13: 647 daAuts
  Temple: 375 daAuts
